AoeStats
← GEvans7

Arabia

508732025Analyzed
4v4 RM · 8d ago on Sep 23, 2026· 46m 10s· 8 players
Game mode
Random Map
Map size
Large (8 player)
Population
200
Speed
Normal
Resources
Standard
Victory
Conquest
Starting age
Dark Age
Ending age
Imperial Age
RankedLock teamsTeams togetherTeam positionsShared explorationLock speedFull tech treeHidden civsTurbo modeCheats
Victory
Defeat
🇹🇷 Franks · Türkiye
937
+12
🇹🇷 Vietnamese · Türkiye
922
+13
🇹🇷 Armenians · Türkiye
858
+15
🇹🇷 Cumans · Türkiye
858
+15
🇱🇺 Inca · Luxembourg
882
-15
🇬🇧 Franks · United Kingdom
860
-14
🇬🇧 Cumans · United Kingdom
819
-13
815
-13
GEvans7
0:27 Loom
12:41 Feudal Age
13:22 Double-Bit Axe
13:22 Horse Collar
15:29 Wheelbarrow
19:18 Bloodlines
21:05 Forging
21:01 Scale Barding Armor
sam.hodges1989
12:27 Feudal Age
18:19 Castle Age
18:43 Scale Barding Armor
19:28 Light Cavalry
23:46 Forging
lil_luzツ
11:13 Feudal Age
11:44 Double-Bit Axe
11:41 Horse Collar
15:56 Fletching
16:29 Loom
19:22 Forging
19:13 Scale Mail Armor
19:19 Padded Archer Armor
ПашаВеслоАгАним
0:39 Loom
12:14 Feudal Age
13:31 Double-Bit Axe
13:30 Horse Collar
20:55 Castle Age
20:36 Bloodlines
20:36 Scale Barding Armor
22:13 Wheelbarrow
21:56 Gold Mining
22:27 Bow Saw
22:20 Heavy Plow
23:28 Forging
28:23 Chain Barding Armor
28:40 Iron Casting
33:42 Imperial Age
WellPlayed
9:35 Feudal Age
10:04 Double-Bit Axe
27:29 Castle Age
30:30 Man-at-Arms
30:37 Pikeman
33:51 Gold Mining
33:27 Capped Ram
GarbageCollector
11:45 Feudal Age
14:35 Forging
14:27 Scale Mail Armor
13:49 Man-at-Arms
16:55 Long Swordsman
17:58 Double-Bit Axe
19:51 Horse Collar
27:26 Castle Age
28:44 Wheelbarrow
28:38 Loom
30:03 Pikeman
31:41 Squires
31:29 Gambesons
32:11 Murder Holes
35:21 Hand Cart
38:11 Imperial Age
39:47 Bow Saw
39:38 Heavy Plow
40:55 Iron Casting
40:35 Chain Mail Armor
39:45 Spies/Treason
44:20 Halberdier
Pestolu Makarna
7:00 Loom
10:11 Feudal Age
11:30 Double-Bit Axe
15:55 Gold Mining
16:21 Fletching
18:50 Padded Archer Armor
25:34 Castle Age
25:35 Crossbowman
26:22 Thumb Ring
26:14 Bodkin Arrow
26:35 Leather Archer Armor
29:35 Bow Saw
32:43 Ballistics
42:54 Imperial Age
42:56 Spies/Treason
46:09 Paper Money
okidoki07
9:53 Feudal Age
17:16 Scale Barding Armor
18:55 Scale Mail Armor
25:18 Castle Age
25:43 Gold Mining
25:42 Double-Bit Axe
26:03 Husbandry
29:00 Chain Mail Armor
29:40 Chain Barding Armor
48:26 Imperial Age
Connection lost

Rejoining the realm…

Still unreachable

The connection could not be restored.

Session expired

The server has moved on; the page needs a fresh start.